 Dungeon Crawl Stone Soup version 0.31-a0-868-g674d60d6f7 (webtiles) character file.

Game seed: 7836756555387875929

10222 Danienth the Covert (level 11, -2/56 HPs)
             Began as a Spriggan Enchanter on Oct 11, 2023.
             Was an Initiate of Gozag.
             Shot with an arrow by a centaur warrior (14 damage)
             ... on level 9 of the Dungeon.
             The game lasted 01:37:31 (12678 turns).

Danienth the Covert (Spriggan Enchanter)           Turns: 12678, Time: 01:37:35

Health: -2/56      AC:  5    Str:  8    XL:     11   Next: 33%
Magic:  0/33       EV: 19    Int: 17    God:    Gozag
Gold:   1020       SH:  8    Dex: 16    Spells: 9/26 levels left

rFire   . . .        H - +4 dagger (chaos)
rCold   . . .        w - +2 buckler
rNeg    . . .        J - +2 robe {Will+}
rPois   +            (helmet restricted)
rElec   .            g - +0 cloak {rCorr}
rCorr   +            (gloves unavailable)
SInv    +            (boots unavailable)
Will    ++...        z - amulet of guardian spirit
Stlth   ++++         m - ring of magical power
HPRegen 0.29/turn    k - ring of poison resistance
MPRegen 0.23/turn

%: guardian spirit
@: gold aura, very quick
A: very small, no large weapons, unfitting armour, see invisible, speed 3
a: Renounce Religion, Potion Petition, Call Merchant, Bribe Branch


You were on level 9 of the Dungeon.
You worshipped Gozag.
Gozag was most pleased with you.
You visited 2 branches of the dungeon, and saw 10 of its levels.

You collected 1342 gold pieces.
You spent 147 gold pieces at shops.
You paid 175 gold pieces to Gozag.

Inventory:

Hand Weapons
 a - a +1 dagger
 d - a +0 short sword
 f - a +2 long sword of electrocution
 l - a +0 short sword of draining
 t - the +10 spear of Success {venom, rPois rF+}
   (You took it off a spriggan on level 9 of the Dungeon)

   rF+:       It protects you from fire.
   rPois:     It protects you from poison
 u - a +3 short sword of speed
 y - a +1 dagger of flaming
 D - a +2 dagger of venom
 H - a +4 dagger of chaos (weapon)
 L - a +3 war axe of freezing
 N - a +4 scimitar of protection
Missiles
 p - 13 poisoned darts
 s - 8 boomerangs
 B - 2 curare-tipped darts
Armour
 g - a +0 cloak of preservation (worn)
 w - a +2 buckler (worn)
 x - a +1 animal skin
 I - a +1 robe of positive energy
 J - a +2 robe of willpower (worn)
Jewellery
 b - a ring of protection from fire
 k - a ring of poison resistance (right hand)
 m - a ring of magical power (left hand)
 r - a ring of magical power
 z - an amulet of guardian spirit (around neck)
 C - a ring of resist corrosion
Wands
 K - a wand of flame (10)
 M - a wand of roots (4) (quivered)
Scrolls
 c - a scroll of noise
 j - a scroll of revelation
 n - 2 scrolls of identify
Potions
 e - 2 potions of attraction {unknown}
 h - a potion of might {unknown}
 i - a potion of cancellation
 o - 3 potions of lignification
 q - 2 potions of degeneration {unknown}
 v - 4 potions of haste {unknown}
 A - a potion of berserk rage {unknown}
 F - 2 potions of enlightenment {unknown}
Miscellaneous
 O - a lightning rod (4/4)


   Skills:
 - Level 5.5 Fighting
 - Level 7.3 Short Blades
 * Level 2.6 Polearms
 - Level 4.0 Throwing
 - Level 5.9 Dodging
 - Level 9.1 Stealth
 - Level 5.6 Shields
 - Level 8.4 Spellcasting
 - Level 8.4 Hexes
 - Level 0.6 Summonings
 - Level 1.1 Fire Magic
 - Level 2.0 Ice Magic
 - Level 2.3 Evocations


You had 9 spell levels left.
You knew the following spells:

 Your Spells              Type           Power      Damage    Failure   Level
a - Ensorcelled Hibernat  Hex/Ice        50%        N/A       2%          2
b - Call Imp              Summ           18%        N/A       17%         2
c - Tukima's Dance        Hex            36%        N/A       1%          3
d - Confusing Touch       Hex            36%        N/A       1%          3
e - Dazzling Flash        Conj/Hex       42%        N/A       8%          3
f - Inner Flame           Hex/Fire       23%        N/A       6%          3
g - Magic Dart            Conj           28%        1d4       14%         1

Your spell library contained the following spells:

 Spells                   Type           Power      Damage    Failure   Level
 Static Discharge         Conj/Air       14%        2-3/arc   22%         2
 Mephitic Cloud           Conj/Pois/Air  7%         N/A       41%         3
 Flame Wave               Conj/Fire      9%         2d6       75%         4
 Sticky Flame             Conj/Fire      9%         2d3       75%         4
 Animate Armour           Summ/Erth      16%        N/A       77%         4
 Summon Lightning Spire   Summ/Air       8%         N/A       77%         4
 Airstrike                Air            3%         2d(1-17)  82%         4
 Lee's Rapid Deconstruct  Erth           3%         3d5*      99%         5


Dungeon Overview and Level Annotations

Branches:
Dungeon (9/15)             Temple (1/1) D:7            Lair (0/5) D:9
    Orc (0/2) D:9

Altars:
Ashenzari
Cheibriados
Dithmenos
Elyvilon
Fedhas
Gozag
Hepliaklqana
Kikubaaqudgha
Makhleb
Nemelex Xobeh
Okawaru
Qazlal
Ru
Sif Muna
Trog
Uskayaw
Vehumet
Wu Jian
Xom
Yredelemnul
Zin
The Shining One

Shops:
D:6 (   D:7 =*[


Innate Abilities, Weirdness & Mutations

You are very small and have problems with some larger weapons.
You are too small for most types of armour.
You have supernaturally acute eyesight. (SInv)
You cover ground extremely quickly. (Speed+++)


Message History

Aiming: Ensorcelled Hibernation (safe; 2% risk of failure)
Press: ? - help, Shift-Dir - straight line, f - centaur warrior
Aim: a centaur warrior, wielding a +0 quarterstaff (ally target, chance to affect: 38%)
The centaur warrior resists with some effort.
The kobold demonologist is no longer distracted by gold.
The water moccasin is distracted by your dazzling golden aura.
The centaur warrior hits you with a +0 quarterstaff!
The centaur warrior kicks you but does no damage.
Your cerulean imp barely misses the centaur warrior.
Casting: Ensorcelled Hibernation (safe; 2% risk of failure)
Confirm with . or Enter, or press ? or * to list all spells.
Aiming: Ensorcelled Hibernation (safe; 2% risk of failure)
Press: ? - help, Shift-Dir - straight line, f/p - centaur warrior
Aim: a centaur warrior, wielding a +0 quarterstaff (ally target, chance to affect: 38%)
The centaur warrior resists with some effort.
The water moccasin hisses angrily.
The centaur warrior hits you with a +0 quarterstaff!
The centaur warrior kicks you.
* * * LOW HITPOINT WARNING * * *
The centaur warrior closely misses you. You block the centaur warrior's attack.
Your cerulean imp closely misses the centaur warrior.
The centaur warrior unwields a +0 quarterstaff.
The centaur warrior wields a +0 shortbow.
The centaur warrior shoots an arrow.
The arrow hits you!
* * * LOW HITPOINT WARNING * * *
The hornet is no longer distracted by gold.
Your cerulean imp closely misses the centaur warrior.
Casting: Ensorcelled Hibernation (safe; 2% risk of failure)
Confirm with . or Enter, or press ? or * to list all spells.
Okay, then.
Okay, then.
Casting: Ensorcelled Hibernation (safe; 2% risk of failure)
Confirm with . or Enter, or press ? or * to list all spells.
Aiming: Inner Flame (dangerous; 6% risk of failure)
Press: ? - help, Dir - move target, f/p - centaur warrior
Aim: a centaur warrior, wielding a +0 shortbow (ally target, chance to affect: 63%)
The centaur warrior is filled with an inner flame.
The centaur warrior shoots an arrow.
The arrow hits you!!
You die...
Your body crumbles into a pile of gold.

.#.#.............##.....#...#....
#..#....)........##...#...≈...#..
####..............##...#######...
.###............#.####..##......#
#..#............#...#............
####......#####.#.....>...#......
##........#$S[#..#....###........
...###....#oTh#......##..........
.#.###....#ylo#.@................
....#..##.##'##.###...........##.
#....#.##..8.8....#.....>........
.......##..5.c.......#.......#...
..#....#........#...####....##...
####......#...........##...###...
#...............>...#...# #...
##...............##....## #...
#..............###...## ####


You could see a centaur warrior (inner flame, ally target), a troll, a water
moccasin, a howler monkey, an orc wizard and a friendly cerulean imp (summoned).

Vanquished Creatures
  A centaur warrior (D:9)
  The ghost of javelincjr the Mimic, a novice TrSh of Trog (D:9)
  2 ugly things (D:9)
  3 kobold demonologists (D:9)
  Psyche (D:9)
  A troll (D:6)
  Grinder (D:5)
  A slime creature (D:9)
  2 hornets
  A vampire (D:9)
  3 spriggans (D:9)
  A wyvern (D:9)
  8 yaks (D:9)
  A dancing weapon (D:9)
  A vampire mosquito (D:9)
  Menkaure (D:6)
  The ghost of Thrassey the Vexing, an amateur OpEn (D:6)
  2 acid dragons (D:9)
  7 orc warriors
  3 black bears
  A wolf (D:9)
  4 kobold brigands
  Blork the orc (D:5)
  6 bullfrogs
  6 scorpions
  A gnoll sergeant (D:5)
  5 wights (D:9)
  4 killer bees (D:9)
  3 howler monkeys
  2 jellies
  2 hounds
  4 orc priests
  A sleepcap (D:6)
  Crazy Yiuf (D:5)
  Natasha (thrice) (D:4)
  4 iguanas
  4 orc wizards
  Robin (D:4)
  18 adders
  5 gnolls (D:5)
  A shadow imp (D:6)
  2 worms (D:4)
  3 dart slugs
  37 orcs
  5 ball pythons
  6 bats
  6 endoplasms
  4 giant cockroaches
  11 goblins
  6 hobgoblins
  7 jackals
  24 kobolds
  3 quokkas
  4 frilled lizards
  7 rats
244 creatures vanquished.

Vanquished Creatures (collateral kills)
  An ice beast (D:5)
  A jelly (D:8)
  A kobold (D:8)
3 creatures vanquished.

Vanquished Creatures (others)
  2 dancing weapons
2 creatures vanquished.

Grand Total: 249 creatures vanquished

Notes
Turn   | Place    | Note
-------+----------+-------------------------------------------
     0 | D:1      | Danienth the Spriggan Enchanter began the quest for the
                  | Orb.
     0 | D:1      | Reached XP level 1. HP: 9/9 MP: 5/5
   209 | D:1      | Reached XP level 2. HP: 9/13 MP: 6/6
   503 | D:1      | Found a faded altar of an unknown god.
  1355 | D:2      | Reached XP level 3. HP: 16/16 MP: 8/8
  2029 | D:3      | Reached XP level 4. HP: 21/21 MP: 9/9
  2139 | D:3      | Learned a level 2 spell: Ensorcelled Hibernation
  2257 | D:3      | Reached skill level 5 in Short Blades
  3128 | D:3      | Reached XP level 5. HP: 25/25 MP: 10/10
  3474 | D:4      | Reached skill level 1 in Fighting
  3548 | D:4      | Found an ancient bone altar of Kikubaaqudgha.
  3548 | D:4      | Found a shimmering blue altar of Sif Muna.
  3549 | D:4      | Found a broken altar of Ashenzari.
  3556 | D:4      | Identified the +2 leather armour of Grace {rElec Dex+4}
  3795 | D:4      | Reached XP level 6. HP: 28/30 MP: 12/12
  3833 | D:4      | Noticed Robin
  4030 | D:4      | Noticed Natasha
  4044 | D:4      | Killed Natasha
  4439 | D:4      | Killed Robin
  4492 | D:4      | Noticed Natasha
  4502 | D:4      | Killed Natasha
  4664 | D:4      | Noticed Natasha
  4678 | D:4      | Killed Natasha
  4800 | D:5      | Entered Level 5 of the Dungeon
  4813 | D:5      | Noticed an ice beast
  4826 | D:5      | Reached skill level 5 in Hexes
  4872 | D:5      | Killed an ice beast
  4873 | D:5      | Reached skill level 5 in Spellcasting
  4873 | D:5      | Reached XP level 7. HP: 27/34 MP: 16/16
  5037 | D:5      | Reached skill level 5 in Stealth
  5052 | D:5      | Noticed Blork the orc
  5057 | D:5      | Noticed a hornet
  5059 | D:5      | Noticed Grinder
  5061 | D:5      | Paralysed by Grinder for 3 turns
  5088 | D:5      | Reached skill level 1 in Shields
  5516 | D:5      | Paralysed by Grinder for 3 turns
  5522 | D:5      | Killed Grinder
  5523 | D:5      | Reached skill level 5 in Dodging
  5523 | D:5      | Reached skill level 6 in Stealth
  5523 | D:5      | Reached XP level 8. HP: 39/39 MP: 17/17
  5550 | D:5      | Found a runed translucent door.
  5551 | D:5      | Noticed Crazy Yiuf
  5625 | D:5      | Killed Blork the orc
  5662 | D:5      | Killed a hornet
  6209 | D:6      | Noticed a troll
  6678 | D:5      | Killed Crazy Yiuf
  6756 | D:6      | Found Zogang's Antique Weapon Shoppe.
  6767 | D:6      | Bought a runed dagger for 135 gold pieces
  6965 | D:6      | Killed a troll
  6966 | D:6      | Reached skill level 5 in Fighting
  6966 | D:6      | Reached XP level 9. HP: 34/47 MP: 18/18
  6969 | D:6      | Learned a level 2 spell: Call Imp
  6973 | D:6      | Learned a level 3 spell: Tukima's Dance
  6977 | D:6      | Learned a level 3 spell: Confusing Touch
  6981 | D:6      | Learned a level 3 spell: Dazzling Flash
  7136 | D:6      | Found a runed translucent door.
  7384 | D:6      | Noticed Thrassey's ghost (amateur OpEn)
  7427 | D:6      | Killed Thrassey's ghost
  7535 | D:7      | Noticed Menkaure
  7716 | D:6      | Killed Menkaure
  7945 | D:7      | Found Oshralia's Armour Shoppe.
  7968 | D:7      | Found Unoan's General Store.
  8001 | D:7      | Bought a scroll of noise for 12 gold pieces
  8062 | D:7      | Reached skill level 5 in Shields
  8151 | D:7      | Learned a level 3 spell: Inner Flame
  8186 | D:7      | Reached skill level 1 in Throwing
  8273 | D:7      | Found Etsyagyt's Jewellery Boutique.
  8284 | D:7      | Found a staircase to the Ecumenical Temple.
  8313 | D:7      | Reached skill level 1 in Evocations
  8631 | Temple   | Entered the Ecumenical Temple
  9764 | D:8      | Found an opulent altar of Gozag.
  9991 | D:8      | Became a worshipper of Gozag Ym Sagoz the Greedy
 10009 | D:9      | Noticed javelincjr's ghost (novice TrSh)
 10009 | D:9      | Found a runed translucent door.
 10010 | D:9      | Identified the +10 spear of Success {venom, rPois rF+}
 10042 | D:9      | Reached XP level 10. HP: 51/51 MP: 20/20
 10070 | D:9      | Reached skill level 7 in Stealth
 10070 | D:9      | Reached skill level 1 in Ice Magic
 10093 | D:9      | Reached skill level 8 in Stealth
 10383 | D:9      | Found a runed translucent door.
 10387 | D:9      | Noticed a centaur warrior
 10520 | D:9      | Noticed Psyche
 10544 | D:9      | Killed Psyche
 10963 | D:9      | Noticed a centaur warrior
 10982 | D:9      | Killed a centaur warrior
 11099 | D:9      | Found a staircase to the Orcish Mines.
 11208 | D:9      | Found a staircase to the Lair.
 11471 | D:9      | Reached XP level 11. HP: 38/56 MP: 21/23
 11494 | D:9      | Reached skill level 9 in Stealth
 11893 | D:9      | Noticed a purple ugly thing
 11893 | D:9      | Noticed a brown ugly thing
 12011 | D:9      | Killed a brown ugly thing
 12012 | D:9      | Reached skill level 1 in Fire Magic
 12036 | D:9      | Killed a brown ugly thing
 12455 | D:9      | Reached skill level 1 in Polearms
 12543 | D:9      | Learned a level 1 spell: Magic Dart
 12663 | D:9      | Killed javelincjr's ghost
 12678 | D:9      | Shot with an arrow by a centaur warrior

Illustrated notes

Levels and vault maps discovered:
D:1:      dpeg_arrival_rooms_b, layout_basic,
          shapermc_ecumenical_altar_acropolis, minmay_fountain_box,
          minmay_split_cup_small
D:2:      layout_rooms, kennysheep_generic_room_10
D:3:      layout_loops_corners
D:4:      minmay_evil_eye, layout_basic,
          chequers_temple_overflow_statue_of_worship, uniq_robin, uniq_natasha
D:5:      cheibrodos_iron_armory, layout_rooms, uniq_blork_the_orc,
          uniq_crazy_yiuf_cottage, uniq_grinder
D:6:      layout_basic, ebering_ghost_sewer_d, serial_shops,
          nicolae_shop_window_shopping
D:7:      layout_cave_pools, minmay_temple_entry_gardened_gates, serial_shops,
          nicolae_square_shop, shop, shop, serial_rivers,
          chequers_serial_rivers_micro_b, chequers_serial_rivers_micro_c,
          chequers_serial_rivers_large_a, chequers_serial_rivers_micro_d,
          uniq_menkaure
D:8:      layout_basic, nicolae_gozag_cash_rules_everything_around_me
D:9:      minmay_the_grid_triangle_9x9_rhombus_thin
          [minmay_the_grid_triangle_9x9_longest,
          minmay_the_grid_triangle_9x9_prize_top_heavy,
          minmay_the_grid_triangle_9x9_shrine,
          minmay_the_grid_triangle_9x9_corrupted_corridor], layout_cave_pools,
          dpeg_oklobed_lair, orc_david_3, ebering_ghost_funeral_grove,
          minmay_st_funbox, minmay_gold_behind_fungi, uniq_psyche
Temple:   hc_temple_tempest_star

Skill      XL: |  1  2  3  4  5  6  7  8  9 10 11 |
---------------+----------------------------------+-----
Short Blades   | 2 3 4 5 6 7 |  7.3
Dodging        | 3 5 |  5.9
Spellcasting   | 3 5 6 7 8 |  8.4
Hexes          | 4 5 6 8 |  8.4
Fighting       | 1 2 5 |  5.5
Stealth        | 6 8 9 |  9.1
Shields        | 1 4 5 |  5.6
Throwing       | 2 3 4 |  4.0
Evocations     | 2 |  2.3
Ice Magic      | 2 |  2.0
Fire Magic     | 1 |  1.1
Polearms       | 2 |  2.6
Summonings     | |  0.6

Action                     |  1- 3 |  4- 6 |  7- 9 | 10-12 || total
---------------------------+-------+-------+-------+-------++-------
  Melee: Dagger            |   171 |   151 |   156 |    77 ||   555
         Punch             |     1 |     1 |       |       ||     2
         Short sword       |       |       |   129 |    63 ||   192
         Spear             |       |       |       |    37 ||    37
         Scimitar          |       |       |       |     7 ||     7
  Throw: Dart              |       |       |    11 |    28 ||    39
         Boomerang         |       |       |       |    19 ||    19
   Cast: Ensorcelled Hiber |       |    70 |   113 |    43 ||   226
         Tukima's Dance    |       |       |     5 |     5 ||    10
         Call Imp          |       |       |     5 |     8 ||    13
         Confusing Touch   |       |       |     5 |     2 ||     7
         Inner Flame       |       |       |       |    15 ||    15
  Evoke: Wand              |       |       |    18 |     2 ||    20
    Use: Potion            |     1 |       |     4 |     3 ||     8
         Scroll            |       |     6 |    12 |     6 ||    24
   Stab: Sleeping          |     8 |    40 |    63 |    14 ||   125
         Distracted        |     1 |       |       |     1 ||     2
         Invisible         |     3 |       |     1 |       ||     4
         Paralysed         |       |       |     4 |       ||     4
         Confused          |       |       |     3 |     3 ||     6
 Armour: Robe              |    56 |    46 |       |    47 ||   149
         Animal skin       |       |     3 |    95 |    36 ||   134
         Skin              |       |       |    21 |     6 ||    27
  Dodge: Dodged            |   124 |    90 |   179 |   102 ||   495
  Block: Buckler           |       |     1 |    81 |    54 ||   136

Table legend: (Time is in decaauts)
 A = Elapsed time spent in this place.
 B = Non-inter-level travel time spent in this place.
 C = Inter-level travel time spent in this place.
 D = Time resting spent in this place.
 E = Time spent auto-exploring this place.
 F = Levels seen in this place.
 G = Mean time per level.
                   A        B        C        D        E       F      G
               +--------+--------+--------+--------+--------+-----+--------+
         Total |  10008 |   9566 |    442 |   2208 |   5177 |  10 | 1000.8 |
       Dungeon |   9945 |   9564 |    381 |   2208 |   5177 |   9 | 1105.0 |
        Temple |     62 |      2 |     60 |      0 |      0 |   1 |   62.0 |
               +--------+--------+--------+--------+--------+-----+--------+

Top non-repeatable levels by time:
     D:9: 1888 daAuts
     D:4: 1456 daAuts
     D:6: 1269 daAuts
     D:1: 1240 daAuts
     D:8: 1180 daAuts
     D:5: 1020 daAuts
     D:3: 1001 daAuts
     D:7: 539 daAuts
     D:2: 350 daAuts
  Temple: 62 daAuts
